 Dungeon Crawl Stone Soup version 0.31.0-11-ge490571c62 (webtiles) character file.

Game seed: 5053457678638404824

18 Flugkiller the Shield-Bearer (level 2, 0/16 HPs)
             Began as a Vine Stalker Fighter on Feb 3, 2024.
             Succumbed to a kobold's poison
             ... on level 2 of the Dungeon.
             The game lasted 00:00:13 (352 turns).

Flugkiller the Shield-Bearer (Vine Stalker Fighter)  Turns: 352, Time: 00:00:14

Health: 0/16       AC:  6    Str: 18    XL:     2   Next: 66%
Magic:  3/3        EV:  9    Int:  8    God:
Gold:   66         SH:  4    Dex: 13    Spells: 1/1 levels left

rFire   . . .        a - +0 war axe
rCold   . . .        c - +0 buckler
rNeg    . . .        b - +0 scale mail
rPois   .            (no helmet)
rElec   .            (no cloak)
rCorr   .            (no gloves)
SInv    .            (no boots)
Will    .....        (no amulet) Stlth
                     (no ring)
HPRegen 1.02/turn    (no ring)
MPRegen 0.08/turn

%: guardian spirit
@: lethally poisoned (0 -> -3)
A: fangs 2, regeneration 1, magic shield, antimagic bite, no potion heal 2
a: no special abilities


You were on level 2 of the Dungeon.
You visited 1 branch of the dungeon, and saw 2 of its levels.

You collected 66 gold pieces.

Inventory:

Hand Weapons
 a - a +0 war axe (weapon)
Armour
 b - a +0 scale mail (worn)
 c - a +0 buckler (worn)
Scrolls
 g - a scroll of teleportation {unknown}
Potions
 d - a potion of might
 e - 2 potions of resistance {unknown}
 f - a potion of berserk rage {unknown}
 h - a potion of degeneration {unknown}


   Skills:
 + Level 2.9 Fighting
 + Level 2.0 Axes
 + Level 2.6 Armour
 + Level 2.9 Shields


You had one spell level left.
You didn't know any spells.
Your spell library contained the following spells:

 Spells                   Type           Power      Damage    Failure   Level
 Necrotise                Necr           0%         1d4       87%         1
 Vampiric Draining        Necr           0%         2d6       99%         3
 Martyr's Knell           Necr/Summ      0%         N/A       100%        4
 Curse of Agony           Necr           0%         N/A       100%        5


Dungeon Overview and Level Annotations

Branches:
Dungeon (2/15) Zot: 11637

Altars:


Innate Abilities, Weirdness & Mutations

You have extremely sharp teeth.
Your natural rate of healing is unusually fast.
When hurt, damage is shared between your health and your magic reserves.
Your bite disrupts and absorbs the magic of your enemies.
Potions cannot restore your health.


Message History

Key pressed, stopping explore.
No target in view!
A goblin comes into view. It is wielding a +0 club.
A goblin is nearby!
You hit the goblin.
You kill the goblin!
No target in view!
No target in view!
No target in view!
No target in view!
No target in view!
There is a stone staircase leading down here.
You climb downwards.
The kobold shouts!
There is a stone staircase leading up here.
A kobold is nearby!
Unknown command.
A kobold is nearby!
A kobold is nearby!
The kobold throws a stone.
The stone barely misses you. The kobold hits you but does no damage.
You closely miss the kobold. The kobold hits you but does no damage.
You slash the kobold!
You kill the kobold!
No target in view!
No target in view!
No target in view!
Things that are here:
a +0 short sword; 2 stones; a kobold corpse You now have 59 gold pieces (gained 16).
A kobold comes into view. It is wielding a +0 club.
A kobold is nearby!
A kobold is nearby!
You barely miss the kobold. You block the kobold's attack.
You closely miss the kobold. You bite the kobold.
You kill the kobold!
No target in view!
No target in view!
No target in view!
You now have 66 gold pieces (gained 7).
Found 5 stones.
No target in view!
You see here 5 stones.
A goblin comes into view. It is wielding a +0 club.
The goblin shouts!
Found an escape hatch in the floor.
The goblin hits you with a +0 club.
A goblin is nearby!
You slash the goblin!
You kill the goblin!
No target in view!
No target in view!
No target in view!
No target in view!
You see here a +0 club.
Found a stone staircase leading down.
h - a viscous brown potion No target in view!
There is a stone staircase leading down here.
A quokka comes into view.
A kobold comes into view. It is wielding a +2 dagger of venom.
The kobold shouts!
The quokka closely misses you.
You slash the quokka!
You kill the quokka!
You closely miss the kobold. The kobold hits you but does no damage.
The kobold hits you with a +2 dagger of venom.
You hit the kobold. You bite the kobold, but do no damage.
The kobold is moderately wounded.
The kobold hits you with a +2 dagger of venom.
You closely miss the kobold.
The kobold is moderately wounded.
The kobold hits you but does no damage. x2
You barely miss the kobold. Your bite misses the kobold.
The kobold is moderately wounded.
The kobold hits you but does no damage.
You are poisoned.
You closely miss the kobold. Your bite misses the kobold.
The kobold is moderately wounded.
You feel very sick. The kobold completely misses you.
You hit the kobold but do no damage.
The kobold is moderately wounded.
You feel very sick.
The kobold hits you with a +2 dagger of venom.
You are lethally poisoned!
The kobold completely misses you.
You are too injured to fight recklessly!
You are too injured to fight recklessly!
There is a lethal amount of poison in your body!
You barely miss the kobold.
The kobold is moderately wounded.
You feel very sick. The kobold barely misses you.
You are too injured to fight recklessly!
You slash the kobold!
You kill the kobold!
* * * LOW HITPOINT WARNING * * *
You feel very sick.
You are too injured to fight recklessly!
You die...

..... .... ###...###
#.......# #.......#
#.......## #.........
#.@.....##
#########...............
#.......#.......###.....
#>#####.##.###.#........
#.##>............##.##.#
#.##.##.##.###.####.##.#
#.##.##.#......)###.##.#
#.........####......##.###
##.#.###..#####.###......#


There were no monsters in sight!

Vanquished Creatures
  A ball python (D:1)
  3 goblins
  4 jackals (D:1)
  3 kobolds (D:2)
  2 quokkas
  A rat (D:1)
14 creatures vanquished.

Notes
Turn   | Place    | Note
-------+----------+-------------------------------------------
     0 | D:1      | Flugkiller the Vine Stalker Fighter began the quest for the
                  | Orb.
     0 | D:1      | Reached XP level 1. HP: 11/11 MP: 2/2
   161 | D:1      | Reached XP level 2. HP: 12/16 MP: 0/3
   352 | D:2      | Succumbed to a kobold's poison

Illustrated notes

Levels and vault maps discovered:
D:1:      evilmike_arrival_home_sweet_home, layout_loops_corners, serial_shops,
          nicolae_shop_hallway_stairs
D:2:      layout_loops_cross, serial_shops, shop

Skill      XL: |  1  2 |
---------------+-------+-----
Axes           | 2 |  2.0
Fighting       | |  2.9
Armour         | |  2.6
Shields        | |  2.9

Action                     || total
---------------------------++-------
  Melee: War axe           ||    24
         Bite              ||     2
 Armour: Scale mail        ||    24
  Dodge: Dodged            ||    13
  Block: Buckler           ||     7
